 Dungeon Crawl Stone Soup version 0.27-a0-343-gfcad680f63 (webtiles) character file.

Game seed: 10485469277175567301

2 dickylongcocking the Sneak (level 1, 0/16 HPs)
             Began as a Demonspawn Wanderer on Feb 14, 2021.
             Slain by a hobgoblin
             ... wielding a +0 club
              (3 damage)
             ... on level 1 of the Dungeon.
             The game lasted 00:00:14 (40 turns).

dickylongcocking the Sneak (Demonspawn Wanderer)      Turns: 40, Time: 00:00:15

Health: 0/16       AC:  2    Str: 14    XL:     1   Next: 25%
Magic:  1/1        EV: 11    Int: 11    God:
Gold:   1          SH:  0    Dex: 12    Spells: 0/0 levels left

rFire    . . .     SeeInvis .   a - +2 falchion
rCold    . . .     Faith    .   (no shield)
rNeg     . . .     Spirit   .   d - +0 robe
rPois    .         Reflect  .   (no helmet)
rElec    .         Harm     .   (no cloak)
rCorr    .         Rampage  .   (no gloves)
Will     .....                  (no boots)
Stlth    ++........             (no amulet)
HPRegen  0.05/turn              (no ring)
MPRegen  0.07/turn              (no ring)

@: no status effects
A: no striking features
a: no special abilities


You were on level 1 of the Dungeon.
You visited 1 branch of the dungeon, and saw 1 of its levels.

You collected 1 gold pieces.

Inventory:

Hand Weapons
 a - a +2 falchion (weapon)
 b - a +0 spear
 e - a +0 dagger
Armour
 d - a +0 robe (worn)
Scrolls
 c - a scroll of teleportation


   Skills:
 - Level 2.0 Fighting
 * Level 1.9 Long Blades
 - Level 1.7 Staves
 - Level 1.0 Throwing
 + Level 2.7 Stealth


You couldn't memorise any spells.
You didn't know any spells.
Your spell library was empty.

Dungeon Overview and Level Annotations

Branches:
Dungeon (1/15)

Altars:


Message History

You aren't carrying any pieces of jewellery.
The helpless rat fails to defend itself.
You slash the rat!
You kill the rat!
A giant cockroach comes into view.
You see here 6 gold pieces.
A giant cockroach is nearby!
A giant cockroach is nearby!
A hobgoblin comes into view. It is wielding a +0 club.
Found a hunting sling.
There are monsters nearby!
You slash the giant cockroach!
You kill the giant cockroach!
The hobgoblin shouts!
A rat comes into view.
A hobgoblin comes into view. It is wielding a +0 club.
You hit the hobgoblin but do no damage.
The hobgoblin hits you with a +0 club. x2
You hit the hobgoblin.
The hobgoblin is almost dead.
The hobgoblin closely misses you. The hobgoblin barely misses you.
You barely miss the hobgoblin.
The hobgoblin is almost dead.
The rat bites you. The hobgoblin closely misses you.
You riposte.
You barely miss the hobgoblin.
The hobgoblin is almost dead.
The hobgoblin hits you with a +0 club.
* * * LOW HITPOINT WARNING * * *
The rat closely misses you.
You riposte.
You barely miss the rat.
You are too injured to fight recklessly!
Unknown command.
You closely miss the hobgoblin.
The hobgoblin is severely wounded.
The hobgoblin barely misses you.
You hit the hobgoblin.
The hobgoblin is almost dead.
The hobgoblin hits you with a +0 club.
* * * LOW HITPOINT WARNING * * *
The rat twitches its whiskers.
The hobgoblin hits you with a +0 club.
You die...

∩♣.♣.♣..##.# #.#.#.#
.♣♣.○...... #.#.#.#
.♣○.....# # #.....#
..☼○§°..##.# #.#.#.#
...........###.#.#)#
......#.#####....#.#
......#..........#.#
....#.#######.$.##.###.#
......# ##..@gr....#
......# #####g#####
#.##.## ........# #. .##
#######.# ..# ###


You could see 2 hobgoblins and a rat.

Vanquished Creatures
  A giant cockroach (D:1)
  A rat (D:1)
2 creatures vanquished.

Notes
Turn   | Place    | Note
-------+----------+-------------------------------------------
     0 | D:1      | dickylongcocking the Demonspawn Wanderer began the quest
                  | for the Orb.
     0 | D:1      | dickylongcocking set off with the following items: a +2
                  | falchion, a +0 spear, a scroll of teleportation, a +0 robe,
                  | a +0 dagger
     0 | D:1      | Reached XP level 1. HP: 16/16 MP: 1/1
    40 | D:1      | Slain by a hobgoblin

Illustrated notes

Levels and vault maps discovered:
D:1:      heliophobic_arrival_enchanted_forest, layout_loops_ring, minivault_11,
          serial_bayou_crossing

Action                   || total
-------------------------++-------
Melee: Falchion          ||     7
 Stab: Sleeping          ||     1
Dodge: Dodged            ||     5
       Rpst.: Falchion   ||     2

Table legend: (Time is in decaauts)
 A = Elapsed time spent in this place.
 B = Non-inter-level travel time spent in this place.
 C = Inter-level travel time spent in this place.
 D = Time resting spent in this place.
 E = Time spent auto-exploring this place.
 F = Levels seen in this place.
 G = Mean time per level.
                   A        B        C        D        E       F      G
               +--------+--------+--------+--------+--------+-----+--------+
         Total |     41 |     41 |      0 |      0 |     22 |   1 |   41.0 |
       Dungeon |     41 |     41 |      0 |      0 |     22 |   1 |   41.0 |
               +--------+--------+--------+--------+--------+-----+--------+

Top non-repeatable levels by time:
     D:1: 41 daAuts
